 Dungeon Crawl Stone Soup version 0.29.1-2-gbd0b4ee654 (webtiles) character file.

Game seed: 17895093663706035039

18868 cdecastro the Fighter (level 12, -3/118 HPs)
             Began as a Hill Orc Fighter on Nov 13, 2022.
             Was an Elder of the Shining One.
             Shot with an arrow by Nessos (20 damage)
             ... on level 12 of the Dungeon.
             The game lasted 00:32:54 (14331 turns).

cdecastro the Fighter (Hill Orc Fighter)           Turns: 14331, Time: 00:32:54

Health: -3/118     AC: 30    Str: 35    XL:     12   Next: 63%
Magic:  21/21      EV:  9    Int:  8    God:    the Shining One [****..]
Gold:   544        SH:  0    Dex: 12    Spells: 11/11 levels left

rFire   . . .      SeeInvis .   a - +8 hand axe "Jesch" {freeze, Str+4}
rCold   + . .      Faith    .   (no shield)
rNeg    + + .      Spirit   .   v - +8 chain mail "Lalas" {Fly rC+ Str+4 Dex+2}
rPois   .          Reflect  .   y - +2 helmet
rElec   .          Harm     .   L - +0 cloak
rCorr   .          Rampage  .   (no gloves)
Will    .....                   p - +0 pair of boots of the Saviour {Str+3}
Stlth   ..........              (no amulet)
HPRegen 0.29/turn               b - +4 ring of slaying
MPRegen 0.17/turn               F - +4 ring of protection

@: lethally poisoned (-3 -> -26), weak-willed, flying, glowing
A: no striking features
a: Renounce Religion, Divine Shield, Cleansing Flame


You were on level 12 of the Dungeon.
You worshipped the Shining One.
The Shining One was greatly pleased with you.
You visited 2 branches of the dungeon, and saw 13 of its levels.
You also visited: Gauntlet.

You collected 780 gold pieces.
You spent 236 gold pieces at shops.

Inventory:

Hand Weapons
 a - the +8 hand axe "Jesch" (weapon) {freeze, Str+4}
   (You found it on level 6 of the Dungeon)

   It freezes those it strikes, dealing additional cold damage.
   It can also slow down cold-blooded creatures.
   Str:       It affects your strength (+4).
 m - a +1 demon blade of flaming
 t - a +2 dagger of venom
 x - a +2 whip of freezing
Missiles
 l - 69 poisoned darts (quivered)
 z - 8 javelins
 R - 6 silver javelins
 T - a curare-tipped dart
Armour
 g - a +1 chain mail of positive energy
 p - the +0 pair of boots of the Saviour (worn) {Str+3}
   (You found it in a Gauntlet)

   Str:       It affects your strength (+3).
 v - the +8 chain mail "Lalas" (worn) {Fly rC+ Str+4 Dex+2}
   (You found it on level 3 of the Dungeon)

   Str:       It affects your strength (+4).
   Dex:       It affects your dexterity (+2).
   rC:        It protects you from cold.
   Fly:       It grants you flight.
 y - a +2 helmet (worn)
 L - a +0 cloak (worn)
 Q - a +2 pair of boots of rampaging
Jewellery
 b - a +4 ring of slaying (left hand)
 h - a ring of protection from cold
 k - a ring of protection from fire
 s - a +6 ring of dexterity
 F - a +4 ring of protection (right hand)
 H - a ring of poison resistance
 J - an amulet of faith
 O - a ring of ice
 P - a ring of wizardry
 U - a ring of flight
 V - a ring of wizardry
 W - a +6 ring of strength
Wands
 u - a wand of quicksilver (16)
 C - a wand of charming (28)
 I - a wand of polymorph (5)
 K - a wand of mindburst (12)
 N - a wand of iceblast (15)
 Z - a wand of flame (18)
Scrolls
 c - 2 scrolls of noise
 e - 3 scrolls of fog
 n - a scroll of immolation {unknown}
 w - 3 scrolls of vulnerability
 A - a scroll of enchant armour {unknown}
 B - a scroll of fear
 D - a scroll of poison {unknown}
 E - a scroll of acquirement
 G - 2 scrolls of teleportation {unknown}
 M - 2 scrolls of brand weapon {unknown}
 X - 3 scrolls of enchant weapon {unknown}
Potions
 d - a potion of lignification
 f - 5 potions of brilliance
 i - 6 potions of invisibility
 j - 2 potions of attraction
 o - 3 potions of flight
 q - 6 potions of curing
 r - 3 potions of resistance
 Y - a potion of magic
Miscellaneous
 S - a tin of tremorstones (2/2)


   Skills:
 + Level 14.8 Fighting
 - Level 12.0 Axes
 - Level 12.0 Armour
 - Level 3.2 Shields
 - Level 12.0 Invocations


You had 11 spell levels left.
You didn't know any spells.
Your spell library contained the following spells:

 Spells                   Type           Power      Damage    Failure   Level
 Magic Dart               Conj           0%         1d3       78%         1
 Sandblast                Erth           0%         2d4       78%         1
 Call Imp                 Summ           0%         N/A       89%         2
 Ensorcelled Hibernation  Hex/Ice        0%         N/A       89%         2
 Passwall                 Tmut/Erth      0%         N/A       89%         2
 Dazzling Flash           Conj/Hex       0%         N/A       98%         3
 Mephitic Cloud           Conj/Pois/Air  0%         N/A       98%         3
 Ozocubu's Armour         Ice            0%         N/A       98%         3
 Stone Arrow              Conj/Erth      0%         3d7       98%         3
 Swiftness                Air            0%         N/A       98%         3
 Animate Armour           Summ/Erth      0%         N/A       100%        4
 Agony                    Necr           0%         N/A       100%        5
 Fireball                 Conj/Fire      0%         3d3       100%        5
 Freezing Cloud           Conj/Ice/Air   0%         6-21      100%        5
 Iskenderun's Battlesphe  Conj           0%         2d6       100%        5
 Metabolic Englaciation   Hex/Ice        0%         N/A       100%        5
 Silence                  Hex/Air        0%         N/A       100%        5
 Conjure Ball Lightning   Conj/Air       0%         3x3d6     100%        6
 Simulacrum               Ice/Necr       0%         N/A       100%        6
 Orb of Destruction       Conj           0%         9d5       100%        7
 Lehudib's Crystal Spear  Conj/Erth      0%         10d2      100%        8
 Polar Vortex             Ice            0%         N/A       100%        9


Dungeon Overview and Level Annotations

Branches:
Dungeon (12/15)            Temple (1/1) D:5            Lair (0/5) D:11
    Orc (0/2) D:9         Gauntlet (visited)

Altars:
Ashenzari
Cheibriados
Dithmenos
Elyvilon
Fedhas
Gozag
Hepliaklqana
Kikubaaqudgha
Makhleb
Nemelex Xobeh
Okawaru
Qazlal
Ru
Sif Muna
Trog
Uskayaw
Vehumet
Wu Jian
Xom
Yredelemnul
Zin
The Shining One
Jiyva

Shops:
D:6 *   D:7 =

Annotations:
D:12 3 runed translucent doors, Keavylur's ghost, journeyman DsHW; Nessos


Message History

Nessos casts a spell.
Nessos blinks!
You feel very sick.
Nessos mumbles some strange words.
Nessos blinks!
Nessos hums to themself desperately, trying to keep calm.
Nessos mumbles some strange words.
Nessos blinks!
Nessos casts a spell.
Nessos blinks!
You feel very sick.
Nessos gestures wildly while chanting.
Nessos blinks!
Nessos mumbles some strange words.
Nessos blinks!
Unknown command.
You feel sick.
Unknown command.
You feel sick.
You feel sick.
Nessos shouts!
Nessos shoots an arrow.
The arrow hits you. The arrow burns you.
You are more poisoned.
* * * LOW HITPOINT WARNING * * *
Nessos shoots an arrow.
The arrow closely misses you.
You feel very sick.
Nessos gestures wildly while chanting.
Nessos blinks!
You feel sick.
Nessos shoots an arrow.
The arrow hits you but does no damage.
Nessos shoots an arrow.
The arrow hits you but does no damage.
Nessos shoots an arrow.
The arrow hits you but does no damage.
You feel sick.
Nessos shoots an arrow.
The arrow hits you!!
* * * LOW HITPOINT WARNING * * *
The arrow burns you!
You are more poisoned.
* * * LOW HITPOINT WARNING * * *
* * * LOW HITPOINT WARNING * * *
You feel extremely sick.
Nessos shoots an arrow.
The arrow hits you!!
You die...

### #@#
############.#
#.........##.#
#...........#.#
!.....#.#.....#
....#.....#...#
#......#......#
# .#.#...#.#.c#
#
#......_......#
#


You could see Nessos (fast, weak-willed).

Vanquished Creatures
  A minotaur (Gauntlet)
  A hydra (D:10)
  A catoblepas (Gauntlet)
  3 two-headed ogres
  Erica (D:9)
  A necromancer (Gauntlet)
  A manticore (D:12)
  2 cyclopes (D:12)
  Maurice (D:8)
  3 gargoyles
  An unseen horror (D:12)
  2 kobold demonologists (D:11)
  Psyche (D:9)
  A komodo dragon (D:10)
  4 trolls
  4 shadows
  Sigmund (D:6)
  A vampire (D:11)
  11 yaks
  2 steam dragons (D:9)
  7 vampire mosquitoes
  A water moccasin (D:7)
  Menkaure (D:4)
  An acid dragon (D:10)
  A sky beast (D:7)
  An orc warrior (D:8)
  4 ice beasts
  2 black bears
  5 centaurs
  2 phantoms
  2 necrophages
  7 kobold brigands
  4 bullfrogs
  4 gnoll sergeants
  2 scorpions (D:4)
  10 wights
  8 killer bees
  5 howler monkeys
  3 electric eels (D:10)
  A hound (D:5)
  2 jellies
  2 gnoll boudas
  3 orc priests
  4 iguanas
  Terence (D:3)
  5 orc wizards
  Robin (D:3)
  7 adders
  25 gnolls
  A shadow imp (Gauntlet)
  2 white imps
  An ufetubus (D:6)
  6 dart slugs
  24 orcs
  10 ball pythons
  10 endoplasms
  2 giant cockroaches
  11 goblins
  10 hobgoblins
  21 kobolds
  3 quokkas
  7 bats
  3 frilled lizards
  3 rats
278 creatures vanquished.

Vanquished Creatures (collateral kills)
  2 death yaks (Gauntlet)
2 creatures vanquished.

Vanquished Creatures (others)
  8 plants
  A withered plant (Gauntlet)
9 creatures vanquished.

Grand Total: 289 creatures vanquished

Notes
Turn   | Place    | Note
-------+----------+-------------------------------------------
     0 | D:1      | cdecastro the Hill Orc Fighter began the quest for the Orb.
     0 | D:1      | Reached XP level 1. HP: 19/19 MP: 1/1
   141 | D:1      | Reached XP level 2. HP: 21/26 MP: 2/2
   785 | D:1      | Reached XP level 3. HP: 30/31 MP: 3/3
  1264 | D:2      | Identified the +8 rapier "Biopaoso" {freeze, Fragile rPois
                  | Will+ Int+3}
  1620 | D:2      | Reached skill level 4 in Fighting
  1726 | D:2      | Noticed a necrophage
  1736 | D:2      | Killed a necrophage
  1737 | D:2      | Reached skill level 5 in Fighting
  1737 | D:2      | Reached XP level 4. HP: 36/42 MP: 4/4
  1737 | D:2      | Reached XP level 5. HP: 42/49 MP: 5/5
  1801 | D:2      | Found a snail-covered altar of Cheibriados.
  2062 | D:3      | Reached skill level 6 in Fighting
  2145 | D:3      | Noticed Terence
  2155 | D:3      | Killed Terence
  2519 | D:3      | Identified the +8 chain mail "Lalas" {Fly rC+ Str+4 Dex+2}
  2645 | D:3      | Noticed Robin
  2649 | D:3      | Killed Robin
  2650 | D:3      | Reached XP level 6. HP: 58/58 MP: 6/6
  2695 | D:3      | Found a faded altar of an unknown god.
  2790 | D:3      | Found a glowing golden altar of the Shining One.
  2946 | D:3      | Became a worshipper of the Shining One
  2997 | D:3      | Reached skill level 7 in Fighting
  3206 | D:4      | Reached skill level 8 in Fighting
  3211 | D:4      | Reached XP level 7. HP: 45/69 MP: 7/7
  3677 | D:4      | Reached skill level 9 in Fighting
  3713 | D:4      | Found an ornate altar of the Wu Jian Council.
  3762 | D:4      | Found a stormy altar of Qazlal.
  3830 | D:4      | Noticed Menkaure
  3835 | D:4      | Killed Menkaure
  3836 | D:4      | Reached skill level 10 in Fighting
  4149 | D:5      | Entered Level 5 of the Dungeon
  4157 | D:5      | Found a blossoming altar of Fedhas.
  4195 | D:5      | Reached XP level 8. HP: 80/80 MP: 8/8
  4234 | D:5      | Found a snail-covered altar of Cheibriados.
  4325 | D:5      | Reached skill level 11 in Fighting
  4331 | D:5      | Found a staircase to the Ecumenical Temple.
  4348 | Temple   | Entered the Ecumenical Temple
  5107 | D:6      | Identified the +8 hand axe "Jesch" {freeze, Str+4}
  5132 | D:6      | Found Kammes's General Store.
  5138 | D:6      | Bought a potion of resistance for 110 gold pieces
  5138 | D:6      | Bought a scroll of fog for 44 gold pieces
  5138 | D:6      | Bought a scroll of blinking for 82 gold pieces
  5186 | D:6      | Reached skill level 12 in Fighting
  5802 | D:6      | Noticed Sigmund
  5818 | D:6      | Killed Sigmund
  5819 | D:6      | Reached skill level 5 in Armour
  5892 | D:6      | Reached * piety under the Shining One
  6062 | D:6      | Reached XP level 9. HP: 90/90 MP: 9/9
  6769 | D:7      | Found Teyheaxi's Jewellery Shop.
  6905 | D:7      | Reached skill level 10 in Armour
  7324 | D:8      | Noticed a troll
  7333 | D:8      | Killed a troll
  7334 | D:8      | Reached XP level 10. HP: 97/97 MP: 10/10
  7392 | D:8      | Reached ** piety under the Shining One
  7453 | D:8      | Noticed Maurice
  7466 | D:8      | Killed Maurice
  7673 | D:8      | Reached skill level 1 in Invocations
  8174 | D:9      | Noticed Erica
  8203 | D:9      | Reached skill level 5 in Invocations
  8212 | D:9      | Killed Erica
  8327 | D:9      | Found a broken altar of Ashenzari.
  8563 | D:9      | Found a staircase to the Orcish Mines.
  8594 | D:9      | Reached XP level 11. HP: 104/104 MP: 18/18
  8627 | D:9      | Reached skill level 10 in Invocations
  8632 | D:9      | Noticed Psyche
  8769 | D:9      | Killed Psyche
  9264 | D:10     | Entered Level 10 of the Dungeon
  9284 | D:10     | Noticed a two-headed ogre
  9296 | D:10     | Killed a two-headed ogre
  9364 | D:10     | Noticed a two-headed ogre
  9383 | D:10     | Killed a two-headed ogre
  9384 | D:10     | Reached skill level 5 in Axes
  9802 | D:11     | Noticed a two-headed ogre
  9809 | D:11     | Killed a two-headed ogre
  9883 | D:11     | Found a staircase to the Lair.
  9890 | D:11     | Noticed a five-headed hydra
 10561 | D:10     | Found a shadowy altar of Dithmenos.
 11034 | D:10     | Killed a five-headed hydra
 11102 | D:11     | Reached skill level 10 in Axes
 11453 | D:11     | Reached *** piety under the Shining One
 11481 | D:11     | Reached XP level 12. HP: 25/112 MP: 21/21
 12209 | D:12     | Noticed a centaur warrior
 12301 | D:12     | Found a radiant altar of Vehumet.
 12455 | D:12     | Found a gate leading to a gauntlet.
 12471 | Gauntlet | Entered a Gauntlet
 12471 | Gauntlet | Found a transporter.
 12477 | Gauntlet | Noticed a catoblepas
 12482 | Gauntlet | Found a transporter.
 12483 | Gauntlet | Found a transporter.
 12487 | Gauntlet | Noticed a soul eater
 12491 | Gauntlet | Found a transporter.
 12495 | Gauntlet | Found a transporter.
 12503 | Gauntlet | Found a transporter.
 12507 | Gauntlet | Found a transporter.
 12512 | Gauntlet | Noticed a green death
 12518 | Gauntlet | Found a transporter.
 12519 | Gauntlet | Found a transporter.
 12523 | Gauntlet | Noticed a death yak
 12524 | Gauntlet | Noticed a death yak
 12524 | Gauntlet | Noticed a death yak
 12524 | Gauntlet | Noticed a death yak
 12525 | Gauntlet | Noticed a death yak
 12527 | Gauntlet | Found a transporter.
 12558 | Gauntlet | Found a transporter.
 12570 | Gauntlet | Found a transporter.
 12583 | Gauntlet | Found a transporter.
 12596 | Gauntlet | Found a transporter.
 12673 | Gauntlet | Killed a catoblepas
 12674 | Gauntlet | Reached skill level 13 in Fighting
 12886 | Gauntlet | Reached **** piety under the Shining One
 12950 | Gauntlet | Identified a scroll of acquirement
 12959 | Gauntlet | Identified the +0 pair of boots of the Saviour {Str+3}
 13037 | Gauntlet | Killed a death yak
 13039 | Gauntlet | Killed a death yak
 13040 | Gauntlet | Reached skill level 14 in Fighting
 13426 | Gauntlet | Noticed a minotaur
 13447 | Gauntlet | Killed a minotaur
 14273 | D:12     | Found a runed translucent gate.
 14273 | D:12     | Found a runed translucent gate.
 14273 | D:12     | Found a runed translucent gate.
 14273 | D:12     | Noticed a quicksilver ooze
 14273 | D:12     | Noticed an azure jelly
 14273 | D:12     | Noticed an azure jelly
 14273 | D:12     | Noticed an azure jelly
 14273 | D:12     | Noticed an acid blob
 14273 | D:12     | Noticed an acid blob
 14273 | D:12     | Noticed a rockslime
 14273 | D:12     | Noticed an azure jelly
 14274 | D:12     | Found a viscous altar of Jiyva.
 14274 | D:12     | Noticed an acid blob
 14274 | D:12     | Noticed an acid blob
 14274 | D:12     | Noticed an acid blob
 14274 | D:12     | Noticed Keavylur's ghost (journeyman DsHW)
 14319 | D:12     | Noticed Nessos
 14331 | D:12     | Shot with an arrow by Nessos

Illustrated notes

Levels and vault maps discovered:
D:1:      spicycebolla_green_bress_n_ham_2, layout_loops_ring,
          skrybe_limestone_x
D:2:      layout_loops_ring, basic_altar, chequers_serial_rivers_marsh
D:3:      layout_basic, lemuel_coloured_pillars_altar, serial_bayou,
          serial_bayou_pond_b, serial_bayou_pond_d, serial_bayou_pond_b,
          serial_bayou_pond_a, hellmonk_ecumenical_altar_crossroads,
          uniq_terence, uniq_robin
D:4:      layout_loops_ring, mainiacjoe_overflow_small_starburst,
          mainiacjoe_overflow_24_doors, uniq_menkaure
D:5:      layout_cave_pods, mainiacjoe_overflow_six_doors_small,
          amcnicky_altar_gilded, minmay_temple_entry_trees
D:6:      layout_basic, serial_shops, nicolae_shop_trees, serial_bayou_pond_a,
          st_stairs_9, uniq_sigmund
D:7:      layout_rooms, chequers_hall_statues_wall_a, grunt_ministairs_10,
          nicolae_stop_n_shop_2
D:8:      layout_basic, uniq_maurice
D:9:      layout_basic, evilmike_ruin_ashenzari, orc_0_dummy,
          minmay_fractal_squares_diagonal_5, uniq_erica, uniq_psyche
D:10:     layout_basic, nicolae_dithmenos_shadow_blocks, st_stairs_9,
          minmay_misc_feat_diagonals
D:11:     layout_roguey, david_lair_shrubbed
D:12:     layout_basic, gammafunk_ghost_ooze, gauntlet_entry_generic,
          nicolae_vehumet_radiance, uniq_azrael, uniq_nessos
Temple:   nicolae_temple_superstar

Skill      XL: |  1  2  3  4  5  6  7  8  9 10 11 12 |
---------------+-------------------------------------+-----
Axes           | 3 4 11 12 | 12.0
Fighting       | 5 6 8 10 12 14 | 14.8
Armour         | 6 10 12 | 12.0
Invocations    | 9 12 | 12.0
Shields        | |  3.2

Action                   |  1- 3 |  4- 6 |  7- 9 | 10-12 || total
-------------------------+-------+-------+-------+-------++-------
Melee: War axe           |    61 |       |       |       ||    61
       Rapier            |    33 |    94 |   247 |   444 ||   818
       Punch             |       |       |     7 |     4 ||    11
       Hand axe          |       |       |       |     9 ||     9
Invok: Divine Shield     |       |       |       |     9 ||     9
  Use: Potion            |       |       |       |     2 ||     2
       Scroll            |       |       |       |    16 ||    16
Armor: Scale mail        |    44 |    21 |       |       ||    65
       Chain mail        |       |    33 |   202 |   400 ||   635
Dodge: Dodged            |    51 |    54 |   145 |   207 ||   457
Block: Other             |       |       |       |    69 ||    69
